 Dungeon Crawl Stone Soup version 0.31-a0-150-g89dc3ad700 (webtiles) character file.

Game seed: 5350605390283215614

221 IndexError the Shooter (level 5, -5/46 HPs)
             Began as a Demigod Hunter on June 8, 2023.
             Slain by Sigmund
             ... wielding a +0 scythe
              (11 damage)
             ... on level 3 of the Dungeon.
             The game lasted 00:04:04 (2708 turns).

IndexError the Shooter (Demigod Hunter)             Turns: 2708, Time: 00:04:05

Health: -5/46      AC:  3    Str: 12    XL:     5   Next: 38%
Magic:  7/7        EV: 12    Int: 11    God:
Gold:   125        SH:  0    Dex: 21    Spells: 4/4 levels left

rFire   . . .        a - +0 shortbow
rCold   . . .        (shield currently unavailable)
rNeg    . . .        c - +0 leather armour
rPois   .            (no helmet)
rElec   .            (no cloak)
rCorr   .            (no gloves)
SInv    .            (no boots)
Will    .....        (no amulet)
Stlth   ++           e - ring of flight {+Fly, !d}
HPRegen 0.27/turn    (no ring)
MPRegen 0.10/turn

%: no passive effects
@: flying
A: high MP 1, forlorn, divine attributes
a: no special abilities


You were on level 3 of the Dungeon.
You visited 1 branch of the dungeon, and saw 3 of its levels.

You collected 125 gold pieces.

Inventory:

Hand Weapons
 a - a +0 shortbow (weapon)
 k - the +3 dagger "Gereocw" {flame, +Blink Int+3 Dex+4}
   (You found it on level 2 of the Dungeon)

   Int:       It affects your intelligence (+3).
   Dex:       It affects your dexterity (+4).
   +Blink:    It lets you blink.
Armour
 c - a +0 leather armour (worn)
 i - a +0 pair of gloves
   (You found it on level 1 of the Dungeon)
 p - a +0 helmet
   (You found it on level 2 of the Dungeon)
Magical Staves
 n - a staff of conjuration {!a}
   (You found it on level 2 of the Dungeon)
Jewellery
 e - a ring of flight (left hand) {+Fly, !d}
   (You found it on level 1 of the Dungeon)
 m - a ring of see invisible {sInv, !d}
   (You found it on level 2 of the Dungeon)
Wands
 s - a wand of flame (15)
   (You took it off Ijyb on level 3 of the Dungeon)
Scrolls
 b - a scroll of butterflies
 g - a scroll of teleportation {unknown}
 h - 2 scrolls of enchant armour {unknown}
 j - a scroll of identify {unknown}
 l - a scroll of fog {unknown}
Potions
 d - 3 potions of attraction {unknown}
 f - a potion of haste {unknown}
 o - 2 potions of might {unknown}
 q - a potion of curing {unknown}
 r - a potion of heal wounds {unknown}


   Skills:
 + Level 4.0 Fighting
 + Level 5.1 Ranged Weapons
 - Level 1.7 Dodging
 - Level 0.8 Stealth


You had 4 spell levels left.
You didn't know any spells.
Your spell library contained the following spells:

 Spells                   Type           Power      Damage    Failure   Level
 Ensorcelled Hibernation  Hex/Ice        0%         N/A       56%         2
 Passwall                 Tmut/Erth      0%         N/A       56%         2
 Swiftness                Air            0%         N/A       80%         3
 Dispel Undead            Necr           0%         3d6       99%         4
 Necromutation            Tmut/Necr      0%         N/A       100%        8


Dungeon Overview and Level Annotations

Branches:
Dungeon (3/15)

Shops:
D:1 (

Annotations:
D:3 3 runed translucent doors, Sigmund; Voker57's ghost, weakling DsGl


Innate Abilities, Weirdness & Mutations

You have an increased reservoir of magic. (+10% MP)
You shall have no god before yourself.
Your divine heritage dramatically boosts your attributes as you level up.


Message History

d - 3 fizzy clear potions (gained 1) Sigmund the Dreaded comes into view.
He is wielding a +0 scythe and carrying a wand of polymorph (4).
Sigmund moves out of view.
Sigmund is nearby!
You shoot an arrow. The arrow hits Sigmund!
Sigmund shouts!
You hear a shout!
You shoot an arrow. The arrow barely misses Sigmund.
An orc comes into view. It is wielding a +0 whip.
You shoot an arrow. The arrow barely misses Sigmund.
The arrow hits the orc!
Sigmund says, "Look into my eyes."
Sigmund zaps a wand.
You resist with some effort.
You shoot an arrow. The arrow barely misses Sigmund.
Sigmund casts a spell.
Sigmund flickers and vanishes!
Deactivating autopickup; reactivate with Ctrl-A.
No target in view!
No target in view!
Fire: a) +0 shortbow
Press: ? - help, Q - select action, (/) - cycle Shift-Dir - straight line You shoot an arrow.
Fire: a) +0 shortbow
Press: ? - help, Q - select action, (/) - cycle Shift-Dir - straight line You shoot an arrow.
Fire: a) +0 shortbow
Press: ? - help, Q - select action, (/) - cycle Shift-Dir - straight line You shoot an arrow.
You are confused.
Non-targeted confused fire: a) +0 shortbow
Press: ? - help, Q - select action, (/) - cycle Dir - look around, f - activate You shoot an arrow.
Non-targeted confused fire: a) +0 shortbow
Press: ? - help, Q - select action, (/) - cycle Dir - look around, f - activate You shoot an arrow.
Something hits you.
You take 1 damage, and have 45/46 hp.
Non-targeted confused fire: a) +0 shortbow
Press: ? - help, Q - select action, (/) - cycle Dir - look around, f - activate You shoot an arrow.
Non-targeted confused fire: a) +0 shortbow
Press: ? - help, Q - select action, (/) - cycle Dir - look around, f - activate You shoot an arrow.
Something hits you.
Non-targeted confused fire: a) +0 shortbow
Press: ? - help, Q - select action, (/) - cycle Dir - look around, f - activate You shoot an arrow.
You hear some strange, mumbled words.
You are more confused.
Non-targeted confused fire: a) +0 shortbow
Press: ? - help, Q - select action, (/) - cycle Dir - look around, f - activate You shoot an arrow.
You hear some strange, mumbled words.
Something tries to affect you, but you resist.
Non-targeted confused fire: a) +0 shortbow
Press: ? - help, Q - select action, (/) - cycle Dir - look around, f - activate You shoot an arrow.
Something hits you.
You take 4 damage, and have 41/46 hp.
Non-targeted confused fire: a) +0 shortbow
Press: ? - help, Q - select action, (/) - cycle Dir - look around, f - activate You shoot an arrow.
You hear a zap.
Something tries to affect you, but you resist.
Non-targeted confused fire: a) +0 shortbow
Press: ? - help, Q - select action, (/) - cycle Dir - look around, f - activate You shoot an arrow.
Something hits you.
You take 4 damage, and have 37/46 hp.
Non-targeted confused fire: a) +0 shortbow
Press: ? - help, Q - select action, (/) - cycle Dir - look around, f - activate You shoot an arrow.
You hear some strange, mumbled words.
A puff of flame appears from out of thin air!
The puff of flame hits you!
You take 7 damage, and have 30/46 hp.
Non-targeted confused fire: a) +0 shortbow
Press: ? - help, Q - select action, (/) - cycle Dir - look around, f - activate You shoot an arrow.
Something hits you!
You take 11 damage, and have 19/46 hp.
MASSIVE DAMAGE!!
Non-targeted confused fire: a) +0 shortbow
Press: ? - help, Q - select action, (/) - cycle Dir - look around, f - activate You shoot an arrow.
You feel less confused. Something barely misses you.
Fire: a) +0 shortbow
Press: ? - help, Q - select action, (/) - cycle Shift-Dir - straight line You shoot an arrow.
Something hits you.
You take 3 damage, and have 16/46 hp.
Fire: a) +0 shortbow
Press: ? - help, Q - select action, (/) - cycle Shift-Dir - straight line You shoot an arrow.
Something hits you!
* * * LOW HITPOINT WARNING * * *
You take 10 damage, and have 6/46 hp.
MASSIVE DAMAGE!!
Fire: a) +0 shortbow
Press: ? - help, Q - select action, (/) - cycle Shift-Dir - straight line You shoot an arrow.
Something hits you!
You die...

#.#.#.#.#.#... #.#
#.#...#.#.#... #.#
#.#####.#.#... #.#
#.. .#.##.. #.#
### #####..... #.#
#....###.. #.#
#....# #..
#.#######....###..
#@.{..............
#########.........
##........#.#.
#......§#.####
#..≈≈.§§....#
#.{.≈.≈.....#
...§.....≈...#
#.#.≈≈...≈≈...# #
#...._......#


There were no monsters in sight!

Vanquished Creatures
  Jessica (D:3)
  Ijyb (D:3)
  Terence (D:2)
  6 adders
  A worm (D:2)
  3 dart slugs
  5 orcs (D:3)
  8 endoplasms
  A giant cockroach (D:3)
  11 goblins
  7 hobgoblins
  4 jackals (D:3)
  A quokka (D:2)
  5 ball pythons
  11 bats
  2 frilled lizards
  6 kobolds
  2 rats (D:2)
76 creatures vanquished.

Notes
Turn   | Place    | Note
-------+----------+-------------------------------------------
     0 | D:1      | IndexError the Demigod Hunter began the quest for the Orb.
     0 | D:1      | Reached XP level 1. HP: 17/17 MP: 3/3
    59 | D:1      | Reached skill level 2 in Fighting
   105 | D:1      | Reached XP level 2. HP: 24/24 MP: 4/4
   250 | D:1      | Reached skill level 4 in Ranged Weapons
   432 | D:1      | Found Nuso's Weapon Shoppe.
   607 | D:2      | Identified the +3 dagger "Gereocw" {flame, +Blink Int+3
                  | Dex+4}
   702 | D:2      | Reached XP level 3. HP: 27/30 MP: 5/5
  1035 | D:2      | Noticed Terence
  1049 | D:2      | HP: 3/30 [Terence/+0 mace of protection (6)]
  1052 | D:2      | Killed Terence
  1053 | D:2      | Reached skill level 3 in Fighting
  1265 | D:2      | Reached XP level 4. HP: 35/38 MP: 6/6
  1853 | D:3      | Got Seluyf's Compendium of Darkness
  1945 | D:3      | Noticed Jessica
  1948 | D:3      | Killed Jessica
  1964 | D:3      | Noticed Ijyb
  1990 | D:3      | Reached XP level 5. HP: 46/46 MP: 7/7
  2038 | D:3      | HP: 3/46 [Ijyb/puff of flame (10)]
  2040 | D:3      | Killed Ijyb
  2041 | D:3      | Reached skill level 5 in Ranged Weapons
  2247 | D:3      | Found a runed translucent gate.
  2247 | D:3      | Found a runed translucent gate.
  2247 | D:3      | Found a runed translucent gate.
  2248 | D:3      | Noticed Voker57's ghost (weakling DsGl)
  2338 | D:3      | Reached skill level 4 in Fighting
  2668 | D:3      | Noticed Sigmund
  2707 | D:3      | HP: 6/46 [something (11)]
  2708 | D:3      | Slain by Sigmund

Illustrated notes

Levels and vault maps discovered:
D:1:      enne_arrival_octagon_isle, layout_basic, serial_shops, shop,
          ebering_ecumenical_altar_abandoned, minmay_stone_trees_medium
D:2:      minmay_diamond_boxcup, layout_basic, uniq_terence
D:3:      kennysheep_the_goblin_king, layout_basic,
          mainiacjoe_overflow_small_starburst, mainiacjoe_overflow_alcove_2,
          gammafunk_ghost_nasty_kobolds, nicolae_half_adder,
          uniq_crazy_yiuf_cottage, uniq_sigmund, uniq_jessica

Skill      XL: |  1  2  3  4  5 |
---------------+----------------+-----
Fighting       | 2 3 4 |  4.0
Ranged Weapons | 4 5 |  5.1
Dodging        | |  1.7
Stealth        | |  0.8

Action                     |  1- 3 |  4- 6 || total
---------------------------+-------+-------++-------
   Fire: Shortbow          |    95 |   139 ||   234
 Armour: Leather armour    |    12 |     9 ||    21
  Dodge: Dodged            |    27 |    30 ||    57

Table legend: (Time is in decaauts)
 A = Elapsed time spent in this place.
 B = Non-inter-level travel time spent in this place.
 C = Inter-level travel time spent in this place.
 D = Time resting spent in this place.
 E = Time spent auto-exploring this place.
 F = Levels seen in this place.
 G = Mean time per level.
                   A        B        C        D        E       F      G
               +--------+--------+--------+--------+--------+-----+--------+
         Total |   2760 |   2520 |    240 |      0 |   2094 |   3 |  920.0 |
       Dungeon |   2760 |   2520 |    240 |      0 |   2094 |   3 |  920.0 |
               +--------+--------+--------+--------+--------+-----+--------+

Top non-repeatable levels by time:
     D:2: 1209 daAuts
     D:3: 939 daAuts
     D:1: 610 daAuts

Levels and vault maps discovered:
D:1:      enne_arrival_octagon_isle, layout_basic, serial_shops, shop,
          ebering_ecumenical_altar_abandoned, minmay_stone_trees_medium
D:2:      minmay_diamond_boxcup, layout_basic, uniq_terence
D:3:      kennysheep_the_goblin_king, layout_basic,
          mainiacjoe_overflow_small_starburst, mainiacjoe_overflow_alcove_2,
          gammafunk_ghost_nasty_kobolds, nicolae_half_adder,
          uniq_crazy_yiuf_cottage, uniq_sigmund, uniq_jessica

Table legend: (Time is in decaauts)
 A = Elapsed time spent in this place.
 B = Non-inter-level travel time spent in this place.
 C = Inter-level travel time spent in this place.
 D = Time resting spent in this place.
 E = Time spent auto-exploring this place.
 F = Levels seen in this place.
 G = Mean time per level.
                   A        B        C        D        E       F      G
               +--------+--------+--------+--------+--------+-----+--------+
         Total |   2760 |   2520 |    240 |      0 |   2094 |   3 |  920.0 |
       Dungeon |   2760 |   2520 |    240 |      0 |   2094 |   3 |  920.0 |
               +--------+--------+--------+--------+--------+-----+--------+

Top non-repeatable levels by time:
     D:2: 1209 daAuts
     D:3: 939 daAuts
     D:1: 610 daAuts

Table legend:
 A = Kills in this place as a percentage of kills in the entire game.
 B = Kills by you in this place as a percentage of kills by you in the entire game.
 C = Kills by friends in this place as a percentage of kills by friends in the entire game.
 D = Other kills in this place as a percentage of other kills in the entire game.
 E = Experience gained in this place as a percentage of experience gained in the entire game.
 F = Experience gained in this place divided by the number of levels of this place that you have seen.
                   A       B       C       D       E      F
               +-------+-------+-------+-------+-------+----------------------
         Total | 100.0 | 100.0 |   N/A |   N/A | 100.0 | 105.7
       Dungeon | 100.0 | 100.0 |   N/A |   N/A | 100.0 | 105.7
               +-------+-------+-------+-------+-------+----------------------
